 Dungeon Crawl Stone Soup version 0.18-a0-824-g47fe746 (webtiles) character file.

305 JokEr the Insei (level 6, -2/42 HPs)
             Began as an Octopode Transmuter on Dec 17, 2015.
             Slain by an orc wizard
             ... wielding a +0 dagger
              (5 damage)
             ... on level 4 of the Dungeon.
             The game lasted 00:10:36 (5763 turns).

JokEr the Insei (Octopode Transmuter)               Turns: 5763, Time: 00:10:36

Health: -2/42      AC:  1    Str: 10    XL:     6   Next: 39%
Magic:  9/9        EV: 12    Int: 18    God:
Gold:   185        SH:  0    Dex: 13    Spells: 2 memorised, 4 levels left

rFire  . . .     SeeInvis .       - Unarmed
rCold  . . .     Gourm    .     (no shield)
rNeg   . . .     Faith    .     (helmet restricted)
rPois  +         Spirit   .     (no amulet)
rElec  .         Dismiss  .     (no ring)
rCorr  .         Reflect  .     (no ring)
SustAt .         Harm     .     (no ring)
MR     .....                    (no ring)
Stlth  ++........               (no ring)
                                (no ring)
                                (no ring)
                                (no ring)

@: confused, very slightly contaminated, not resistant to hostile enchantments,
unstealthy
A: almost no armour, amphibious, 8 rings, constrict 8, camouflage 1, clever 1,
poison resistance, gelatinous body 1
a: no special abilities


You were on level 4 of the Dungeon.
You were not hungry.

You visited 1 branch of the dungeon, and saw 4 of its levels.

You collected 185 gold pieces.

Inventory:

Missiles
 a - 55 arrows
Scrolls
 f - a scroll of fog {unknown}
 i - a scroll of amnesia
 m - 2 scrolls of teleportation
 q - a scroll of identify
 r - a scroll of random uselessness {unknown}
Potions
 e - a potion of mutation
 h - a potion of cure mutation
 k - a potion of curing {unknown}
 l - a potion of agility {unknown}
 n - a potion of haste {unknown}
 p - a potion of degeneration {unknown}
Books
 b - a book of Changes

   Spells                             Type                      Level
   a - Beastly Appendage              Transmutation                1
   b - Sticks to Snakes               Transmutation                2
   c - Spider Form                    Transmutation/Poison         3
   d - Ice Form                       Ice/Transmutation            4
   e - Blade Hands                    Transmutation                5
 j - a book of Unlife

   Spells                             Type                      Level
   a - Recall                         Summoning/Translocation      3
   b - Animate Dead                   Necromancy                   4
   c - Control Undead                 Necromancy                   4
   d - Cigotuvi's Embrace             Necromancy                   5
   e - Death Channel                  Necromancy                   6
   f - Simulacrum                     Ice/Necromancy               6
Comestibles
 c - 2 bread rations
 d - a royal jelly
 o - a beef jerky


   Skills:
 + Level 3.5 Fighting
 - Level 2.0 Dodging
 + Level 4.8 Unarmed Combat
 - Level 2.0 Spellcasting
 - Level 3.3 Transmutations
 + Level 1.8 Ice Magic


You had 4 spell levels left.
You knew the following spells:

 Your Spells              Type           Power        Failure   Level  Hunger
a - Beastly Appendage     Trmt           ##....       6%          1    #......
b - Ice Form              Ice/Trmt       ##......     67%         4    #####..


Dungeon Overview and Level Annotations

Branches:
Dungeon (4/15)
 Temple: D:4-7

Altars:
Ashenzari
Makhleb
Nemelex Xobeh
Ru
Zin


Innate Abilities, Weirdness & Mutations

You cannot wear most types of armour.
You are amphibious.
You can wear up to eight rings at the same time.
You can use your tentacles to constrict eight enemies at once.
Your skin changes colour to match your surroundings (Stealth).
Your rubbery body absorbs attacks (AC +1).
Your mind is acute. (Int +2)
Your system is resistant to poisons.


Message History

Things that are here:
a dagger; an orc corpse The orc wizard hits you with a dagger.
You hear some strange, mumbled words.
A puff of flame appears from out of thin air!
The puff of flame hits you!
* * * LOW HITPOINT WARNING * * *
You bump into the rock wall.
The orc wizard mumbles some strange words.
The orc wizard flickers and vanishes!
You closely miss something. Something hits you but does no damage.
You hear some strange, mumbled words.
You are more confused.
You're too confused to move!
Something hits you.
* * * LOW HITPOINT WARNING * * *
Something hits you but does no damage.
Drink which item? (? for menu, Esc to quit)
Okay, then.
You closely miss something. Something hits you.
You die...

........#
...♣.P♣.#
...♣♣.♣♣♣♣♣
##..♣....P♣♣♣##
#..♣♣♣..♣♣...#
#....♣PP...♣.#
#...♣♣♣.♣♣♣♣.#
..#♣♣..P♣
♣..######.♣P♣
♣PP.♣
+..))@{o...P.
♣.♣P
#########....
#.♣♣♣ P ... ..


You could see an orc.

Vanquished Creatures
  An ogre (D:4)
  An orc wizard (D:4)
  A hound (D:3)
  Robin (D:2)
  4 adders (D:2)
  An ooze (D:2)
  3 worms
  A giant gecko (D:3)
  10 orcs
  4 giant cockroaches
  17 goblins
  8 hobgoblins
  10 jackals (D:2)
  6 kobolds
  A quokka (D:3)
  4 ball pythons
  6 bats
  2 giant newts
  6 rats
  A plant (D:4)
88 creatures vanquished.

Notes
Turn   | Place    | Note
--------------------------------------------------------------
     0 | D:1      | JokEr the Octopode Transmuter began the quest for the Orb.
     0 | D:1      | Reached XP level 1. HP: 13/13 MP: 3/3
   393 | D:1      | Reached XP level 2. HP: 18/18 MP: 5/5
   844 | D:1      | Gained mutation: Your system is resistant to poisons. [potion of beneficial mutation]
   845 | D:1      | Gained mutation: Your mind is acute. (Int +2) [potion of beneficial mutation]
  1040 | D:2      | Noticed Robin
  1113 | D:1      | Reached XP level 3. HP: 20/23 MP: 6/6
  1747 | D:2      | Killed Robin
  2349 | D:2      | Reached XP level 4. HP: 15/29 MP: 5/7
  2965 | D:2      | Reached skill level 4 in Unarmed Combat
  3333 | D:2      | Reached XP level 5. HP: 24/35 MP: 6/8
  3438 | D:2      | Learned a level 4 spell: Ice Form
  3515 | D:2      | Found a shattered altar of Ashenzari.
  3515 | D:2      | Found a glowing silver altar of Zin.
  3516 | D:2      | Found a sparkling altar of Nemelex Xobeh.
  3856 | D:3      | Found a sacrificial altar of Ru.
  3856 | D:3      | Found a burning altar of Makhleb.
  5112 | D:4      | Noticed an ogre
  5247 | D:4      | Noticed an ogre
  5298 | D:4      | Killed an ogre
  5298 | D:4      | Reached skill level 1 in Ice Magic
  5298 | D:4      | Reached XP level 6. HP: 3/42 MP: 9/9
  5763 | D:4      | Slain by an orc wizard

Vault maps used:
D:1:      dpeg_arrival_shrine
D:2:      gammafunk_temple_overflow_claw, uniq_robin
D:3:      gammafunk_temple_overflow_statue, first_bread
D:4:      serial_forest, infiniplex_forest_straight_3,
          infiniplex_forest_lined_corner, infiniplex_forest_clump_tiny,
          infiniplex_forest_join, infiniplex_forest_lined_corner,
          infiniplex_forest_corner_1, infiniplex_forest_join,
          infiniplex_forest_clump_curved, minmay_misc_feat_room

Action                   |  1- 3 |  4- 6 || total
-------------------------+-------+-------++-------
Melee: Unarmed           |    86 |   153 ||   239
 Cast: Beastly Appendage |     7 |    17 ||    24
  Use: Scroll            |     5 |     4 ||     9
       Potion            |     2 |     2 ||     4
 Stab: Sleeping          |     8 |     4 ||    12
  Eat: Chunk             |     4 |     9 ||    13
       Bread ration      |       |     1 ||     1
